 Dungeon Crawl Stone Soup version 0.31-a0-1278-g11c5b68f87 (webtiles) character file.

Game seed: 14084220290248825790

704 Sobieck the Skirmisher (level 7, -5/51 HPs)
             Began as a Formicid Hunter on Dec 17, 2023.
             Was a Follower of Ashenzari.
             Slain by Dowan
             ... wielding a +3 dagger of venom
              (8 damage)
             ... on level 5 of the Dungeon.
             The game lasted 00:06:08 (4015 turns).

Sobieck the Skirmisher (Formicid Hunter)            Turns: 4015, Time: 00:06:08

Health: -5/51      AC:  3    Str: 17    XL:     7   Next: 99%
Magic:  7/7        EV: 12    Int:  9    God:    Ashenzari [*.....]
Gold:   243        SH:  0    Dex: 17    Spells: 6/6 levels left

rFire   x . .        a - +0 shortbow "Share My Sorrow" {Range, Self} (curse)
rCold   + . .        (no shield)
rNeg    . . .        c - +0 leather armour "Revealing Lifelessness" {Comp, Fort} (curse)
rPois   .            (helmet unavailable)
rElec   .            (no cloak)
rCorr   .            (no gloves)
SInv    +            (no boots)
Will    .....        i - amulet of magic regeneration
Stlth   ++           d - ring of ice
HPRegen 0.28/turn    (no ring)
MPRegen 0.50/turn

%: no passive effects
@: lethally poisoned (-5 -> -19)
A: permanent stasis, dig shafts and tunnels, antennae 3, four strong arms
a: Dig, Shaft Self, Renounce Religion, Curse Item, Shatter the Chains


You were on level 5 of the Dungeon.
You worshipped Ashenzari.
Ashenzari was aware of your devotion.
You visited 1 branch of the dungeon, and saw 5 of its levels.

You collected 243 gold pieces.

Inventory:

Hand Weapons
 a - the cursed +0 shortbow "Share My Sorrow" (weapon) {Range, Self}

   It has a curse which improves the following skills: Ranged Combat: Ranged
   Weapons and Throwing.
   Introspection: Fighting and Spellcasting.
Armour
 c - the cursed +0 leather armour "Revealing Lifelessness" (worn) {Comp, Fort}

   It has a curse which improves the following skills: Companions: Summonings
   and Necromancy.
   Fortitude: Armour and Shields.
Jewellery
 d - a ring of ice (left hand)
 i - an amulet of magic regeneration (around neck)
 s - an amulet of the acrobat
Wands
 V - a wand of flame (28)
Scrolls
 b - 2 scrolls of blinking
 f - a scroll of poison
 g - 2 scrolls of butterflies
 j - a scroll of fog
 l - a scroll of enchant weapon
 m - 2 scrolls of silence
 n - a scroll of revelation
 o - a scroll of fear
 p - a scroll of immolation
 R - 6 scrolls of identify
Potions
 e - a potion of invisibility
 h - 2 potions of resistance
 k - 2 potions of attraction
 q - a potion of enlightenment
 r - a potion of might


   Skills:
 - Level 2.1(2.8) Fighting
 + Level 9.2(10.0) Ranged Weapons
 - Level 1.7 Dodging
 - Level 1.2 Stealth


You had 6 spell levels left.
You didn't know any spells.
Your spell library contained the following spells:

 Spells                   Type           Power      Damage    Failure   Level
 Summon Forest            Summ/Tloc      0%         N/A       100%        5
 Eringya's Noxious Bog    Tmut/Pois      0%         4d6       100%        6
 Summon Hydra             Summ           0%         N/A       100%        7


Dungeon Overview and Level Annotations

Branches:
Dungeon (5/15)
 Temple: D:4-7

Altars:
Ashenzari
Dithmenos
Hepliaklqana
Trog
Yredelemnul

Shops:
D:2 ?

Annotations:
D:5 Dowan


Innate Abilities, Weirdness & Mutations

You cannot be hasted, slowed, berserked, paralysed or teleported.
You can dig through walls and to a lower floor.
You have a pair of large antennae on your head. (SInv)
Your four strong arms can wield two-handed weapons with a shield.


Message History

Duvessa is heavily wounded.
Duvessa hits you but does no damage.
You shoot an arrow.
The arrow hits Duvessa but does no damage.
Duvessa is heavily wounded.
Duvessa closely misses you.
You shoot an arrow. The arrow closely misses Duvessa.
Duvessa says, "My weaknesses are his strengths!"
Duvessa hits you with a +0 short sword!
You shoot an arrow. The arrow closely misses Duvessa.
Duvessa hits you but does no damage.
Dowan points at you and mumbles some strange words.
The puff of frost hits you. You resist.
You shoot an arrow. The arrow hits Duvessa.
Duvessa is severely wounded.
Duvessa hits you with a +0 short sword.
You shoot an arrow. The arrow hits Duvessa!
You kill Duvessa!
Dowan screams, "No!
No!"
Dowan seems to find hidden reserves of power!
Your base Ranged Weapons skill increases to level 9!
You shoot an arrow. The arrow hits Dowan.
Dowan is moderately wounded.
Dowan completely misses you.
You shoot an arrow. The arrow closely misses Dowan.
Dowan hits you with a +3 dagger of venom.
You are poisoned.
You shoot an arrow. The arrow hits Dowan!
Dowan is severely wounded.
You feel very sick. Dowan hits you but does no damage.
You are more poisoned.
Dowan casts a spell.
Dowan blinks!
No target in view!
No target in view!
No target in view!
Unknown command.
You feel very sick.
You feel very sick.
You feel sick. Dowan gestures at you while chanting. The stone arrow hits you!
* * * LOW HITPOINT WARNING * * *
You feel sick.
Dowan hits you with a +3 dagger of venom!
* * * LOW HITPOINT WARNING * * *
You are more poisoned.
Dowan hits you with a +3 dagger of venom!
You die...

### ######### ..###
#.......### ....##
#........# .##..##
#....@e..#
##....######........#,
#._...#......######.....
##....#..########..,....
.##..##....#....... .#.
....##...#.#...## #
..###....#......#
.........#.#.#..#
##########.###..#


You could see Dowan (fast).

Vanquished Creatures
  Eustachio (D:4)
  Duvessa (D:5)
  A scorpion (D:5)
  3 orc priests
  An iguana (D:5)
  4 orc wizards
  11 adders
  2 worms
  3 dart slugs
  12 orcs
  10 endoplasms
  3 giant cockroaches
  4 goblins
  5 hobgoblins
  2 jackals (D:3)
  8 kobolds
  2 quokkas
  3 ball pythons
  7 bats
  2 frilled lizards
  5 rats
90 creatures vanquished.

Notes
Turn   | Place    | Note
-------+----------+-------------------------------------------
     0 | D:1      | Sobieck the Formicid Hunter began the quest for the Orb.
     0 | D:1      | Reached XP level 1. HP: 16/16 MP: 1/1
   187 | D:1      | Noticed a great orb of eyes
   190 | D:1      | Found a faded altar of an unknown god.
   192 | D:1      | Noticed a great orb of eyes
   192 | D:1      | Noticed a great orb of eyes
   192 | D:1      | Noticed a shining eye
   266 | D:1      | Prayed at the altar of an unknown god.
   266 | D:1      | Became a worshipper of Ashenzari the Shackled
   294 | D:1      | Reached XP level 2. HP: 22/22 MP: 2/2
   923 | D:2      | Reached skill level 5 in Ranged Weapons
   923 | D:2      | Reached XP level 3. HP: 4/27 MP: 3/3
  1120 | D:2      | Found Woxadgh's Magic Scroll Emporium.
  1266 | D:2      | Reached XP level 4. HP: 33/33 MP: 4/4
  1820 | D:3      | Reached skill level 6 in Ranged Weapons
  1820 | D:3      | Reached XP level 5. HP: 33/38 MP: 5/5
  2254 | D:3      | Reached XP level 6. HP: 3/44 MP: 6/6
  2460 | D:3      | Reached skill level 7 in Ranged Weapons
  2590 | D:3      | Reached * piety under Ashenzari
  3004 | D:4      | Noticed Eustachio
  3016 | D:4      | Killed Eustachio
  3017 | D:4      | Reached skill level 8 in Ranged Weapons
  3017 | D:4      | Reached XP level 7. HP: 31/51 MP: 7/7
  3093 | D:4      | Found a bloodstained altar of Trog.
  3184 | D:4      | Found a basalt altar of Yredelemnul.
  3185 | D:4      | Found a broken altar of Ashenzari.
  3209 | D:4      | Found a hazy altar of Hepliaklqana.
  3663 | D:5      | Entered Level 5 of the Dungeon
  3958 | D:5      | Found a shadowy altar of Dithmenos.
  3993 | D:5      | Noticed Duvessa
  3994 | D:5      | Noticed Dowan
  4008 | D:5      | Killed Duvessa
  4009 | D:5      | Reached skill level 9 in Ranged Weapons
  4015 | D:5      | Slain by Dowan

Illustrated notes

Levels and vault maps discovered:
D:1:      psy_arrival_terrarium, layout_basic,
          hellmonk_ecumenical_altar_watching_god
D:2:      layout_loops_ring, serial_aquarium, aquarium_bridge_straight
          [aquarium_subvault_bridge, aquarium_subvault_window,
          aquarium_subvault_bridge, aquarium_subvault_wall],
          aquarium_window_fake, aquarium_window_fake, aquarium_view_2b,
          aquarium_pool_2, serial_shops, nicolae_shop_rolled_up,
          hangedman_decor_slide_cut, hangedman_decor_lopped
D:3:      layout_loops_ring, st_stairs_14, nicolae_the_louvre
D:4:      cheibrodos_pilgrimage, layout_rooms,
          nicolae_overflow_quartered_altars, nicolae_letterblocks
          [nicolae_letter_subblock, nicolae_letter_subblock,
          nicolae_letter_subblock, nicolae_letter_subblock,
          nicolae_letter_subblock, nicolae_letter_subblock,
          nicolae_letter_subblock, nicolae_letter_subblock,
          nicolae_letter_subblock, nicolae_letter_subblock,
          nicolae_letter_subblock, nicolae_letter_subblock,
          nicolae_letter_subblock, nicolae_letter_subblock,
          nicolae_letter_subblock, nicolae_letter_subblock,
          nicolae_letter_subblock, nicolae_letter_subblock,
          nicolae_letter_subblock, nicolae_letter_subblock,
          nicolae_letter_subblock, nicolae_letter_subblock,
          nicolae_letter_subblock, nicolae_letter_subblock,
          nicolae_letter_subblock], uniq_eustachio
D:5:      layout_basic, nicolae_dithmenos_through_a_glass_darkly, serial_shops,
          shop, uniq_duvessa

Skill      XL: |  1  2  3  4  5  6  7 |
---------------+----------------------+-----
Ranged Weapons | 5 6 8 9 |  9.2
Fighting       | |  2.1
Dodging        | |  1.7
Stealth        | |  1.2

Action                     |  1- 3 |  4- 6 |  7- 9 || total
---------------------------+-------+-------+-------++-------
   Fire: Shortbow          |    75 |   195 |    79 ||   349
 Invoke: Curse Item        |       |     2 |       ||     2
 Armour: Leather armour    |    13 |    76 |    20 ||   109
  Dodge: Dodged            |    16 |    77 |    10 ||   103

Table legend: (Time is in decaauts)
 A = Elapsed time spent in this place.
 B = Non-inter-level travel time spent in this place.
 C = Inter-level travel time spent in this place.
 D = Time resting spent in this place.
 E = Time spent auto-exploring this place.
 F = Levels seen in this place.
 G = Mean time per level.
                   A        B        C        D        E       F      G
               +--------+--------+--------+--------+--------+-----+--------+
         Total |   4047 |   3932 |    115 |    323 |   3017 |   5 |  809.4 |
       Dungeon |   4047 |   3932 |    115 |    323 |   3017 |   5 |  809.4 |
               +--------+--------+--------+--------+--------+-----+--------+

Top non-repeatable levels by time:
     D:3: 1165 daAuts
     D:2: 953 daAuts
     D:1: 845 daAuts
     D:4: 733 daAuts
     D:5: 350 daAuts
